 Dungeon Sprint DCSS version 0.32-a0-791-gfc315c9ecd (webtiles) character file.

Game seed: 8919751887545034905

61053 wilfster70 the Conqueror (level 14, -18/168 HPs)
             Began as a Minotaur Fighter on Mar 20, 2024.
             Was an Initiate of Gozag.
             Killed from afar by an ironbound thunderhulk (44 damage)
             ... with a bolt of lightning
             ... in the Dungeon (Sprint IX: "|||||||||||||||||||||||||||||").
             The game lasted 00:15:23 (4555 turns).

wilfster70 the Conqueror (Minotaur Fighter)         Turns: 4555, Time: 00:15:23

Health: -18/168    AC: 31    Str: 28    XL:     14   Next: 59%
Magic:  13/13      EV: 16    Int:  5    God:    Gozag
Gold:   2845       SH: 19    Dex: 20    Spells: 13/13 levels left

rFire   . . .        a - +5 war axe (heavy)
rCold   + . .        p - +0 kite shield
rNeg    + . .        E - +2 plate armour {Will+}
rPois   +            (helmet restricted)
rElec   .            o - +0 cloak
rCorr   .            w - +1 pair of gloves {Str+3}
SInv    +            F - +0 pair of boots of Hairiness {Rampage Regen+ Stlth+}
Will    ++...        c - amulet "Sarudig" {Reflect rPois Slay+3 SH+5 SInv} Stlth
                     q - +3 ring of dexterity
HPRegen 1.28/turn    n - ring "Plog" {rC+ rN+ Dex+6}
MPRegen 0.13/turn

%: no teleportation, reflection, rampage
@: gold aura
A: horns 2, retaliatory headbutt
a: Renounce Religion, Potion Petition, Call Merchant, Bribe Branch


You were in the Dungeon.
You worshipped Gozag.
Gozag was most pleased with you.
You visited 1 branch You collected 17797 gold pieces.
You spent 4828 gold pieces at shops.
You paid 10124 gold pieces to Gozag.

Inventory:

Hand Weapons
 a - a +5 heavy war axe (weapon)
 b - a +4 scimitar of flaming
Armour
 o - a +0 cloak (worn)
 p - a +0 kite shield (worn)
 t - a +2 pair of boots of flying
 w - a +1 pair of gloves of strength (worn)
 E - a +2 plate armour of willpower (worn)
 F - the +0 pair of boots of Hairiness (worn) {Rampage Regen+ Stlth+}
   (You bought it in a shop in the Dungeon)

   Regen+:    It increases your rate of health regeneration.
   Rampage:   It bestows one free step when moving towards enemies.
   Stlth+:    It makes you more stealthy.
Jewellery
 c - the amulet "Sarudig" (around neck) {Reflect rPois Slay+3 SH+5 SInv}
   (You bought it in a shop in the Dungeon)

   [amulet of reflection]

   Reflect:   It reflects blocked missile attacks.
   Slay+3:    It affects your accuracy & damage with ranged weapons and melee
   (+3).
   rPois:     It protects you from poison.
   SInv:      It lets you see invisible.
   SH+5:      It affects your SH (+5).
 n - the ring "Plog" (right hand) {rC+ rN+ Dex+6}
   (You bought it in a shop in the Dungeon)

   [ring of dexterity]

   Dex+6:     It affects your dexterity (+6).
   rC+:       It protects you from cold.
   rN+:       It protects you from negative energy.
 q - a +3 ring of dexterity (left hand)
 x - an amulet of regeneration
 y - a ring of protection from cold
 z - a ring of willpower
 A - a ring of ice
 B - a ring of poison resistance
Wands
 l - a wand of acid (5)
 G - a wand of digging (4)
Scrolls
 j - 4 scrolls of blinking
 k - 2 scrolls of amnesia
 r - a scroll of identify
 s - 6 scrolls of enchant armour
 u - 2 scrolls of fear
 D - a scroll of fog
Potions
 d - 2 potions of brilliance
 e - 7 potions of curing
 f - a potion of might
 g - 3 potions of haste
 h - 4 potions of magic
 i - a potion of invisibility
 m - a potion of mutation
 v - a potion of lignification
 C - 2 potions of heal wounds


   Skills:
 O Level 27 Fighting
 - Level 10.0 Long Blades
 - Level 16.0 Axes
 O Level 27 Armour
 + Level 15.1 Dodging
 + Level 14.9 Shields
 - Level 11.4 Evocations


You had 13 spell levels left.
You didn't know any spells.
Your spell library was empty.

Dungeon Overview and Level Annotations

Branches:
Dungeon (1/1)

Altars:
Cheibriados
Dithmenos
Elyvilon
Fedhas
Gozag
Hepliaklqana
Kikubaaqudgha
Makhleb
Nemelex Xobeh
Okawaru
Qazlal
Ru
Sif Muna
Trog
Uskayaw
Vehumet
Wu Jian
Xom
Yredelemnul
Zin
The Shining One
Beogh
Jiyva
Lugonu

Shops:
D =[=[(:[[*[=*


Innate Abilities, Weirdness & Mutations

You have a pair of horns on your head.
You reflexively headbutt those who attack you in melee.


Message History

The ironbound preserver is almost dead.
The great orb of eyes is no longer distracted by gold.
You block the ironbound preserver's attack.
You hit the ironbound preserver.
The ironbound preserver is almost dead.
The ironbound convoker is no longer distracted by gold.
The ironbound preserver mumbles some strange words.
The ironbound preserver is healed somewhat.
A great orb of eyes comes into view.
You barely miss the ironbound preserver.
You headbutt the ironbound preserver!
The ironbound preserver is almost dead.
The ironbound frostheart is no longer distracted by gold.
The ironbound preserver casts a spell.
The ironbound preserver begins to accept its allies' injuries.
The ironbound preserver hits you with a +0 flail!
* * * LOW HITPOINT WARNING * * *
Aiming: Corrosive Bolt
Press: ? - help, Shift-Dir - straight line, f - ironbound preserver
Aim: an ironbound preserver, wielding a +0 flail and wearing a +0 ring mail (almost dead, 92% to hit)
The bolt of acid hits the ironbound preserver!!
You kill the ironbound preserver!
The bolt of acid hits the ironbound frostheart!!
The ironbound frostheart is moderately wounded.
The bolt of acid hits the ironbound thunderhulk!
The acid corrodes the ironbound thunderhulk!
The ironbound thunderhulk is moderately wounded.
The bolt of acid hits the great orb of eyes!!
The acid corrodes the great orb of eyes!
The great orb of eyes is heavily wounded.
The bolt of acid hits the ironbound convoker!!!
The acid corrodes the ironbound convoker!
The ironbound convoker is severely wounded.
The ironbound frostheart is distracted by your dazzling golden aura.
You have mastered Armour!
Your Dodging skill increases to level 15!
Electricity crackles from the ironbound thunderhulk's apparatus.
The bolt of lightning hits you!!!
You die...
Your body crumbles into a pile of gold.

.▓.▓'▓.▓.▓.♣.♣.▓p▓
.▓)▓.▓.▓.▓.♣.♣.▓G▓
.▓.▓)▓.▓.▓.♣.♣.▓p▓
.▓.▓.▓.▓.▓.♣.♣.▓G▓
.▓.▓.▓.▓.▓.♣.♣∩▓O▓
.▓.▓)▓.▓.▓.♣'♣.▓p▓
.▓.▓.▓.▓.▓.▓)▓.▓$▓
.▓.▓)▓.▓.▓.▓)▓.▓$▓
.▓.▓.▓.▓.▓.▓.▓.▓@▓
'▓.▓.▓.▓[▓.▓[▓.▓∩▓
.▓.▓.▓.▓[▓.▓∩▓.▓.▓
.▓.▓.▓.▓[▓.▓.▓.▓.▓
.▓.▓.▓.▓[▓.▓.▓.▓$▓
.▓.▓)▓.▓[▓.▓[▓.▓.▓
.▓.▓)▓.▓[▓.▓)▓.▓.▓
.▓.▓.▓)▓[▓.▓'▓.▓.▓
.▓.▓.▓.▓[▓.▓[▓.▓.▓


You could see an ironbound thunderhulk (corroded), 2 great orbs of eyes, an
ironbound frostheart (unaware) and an ironbound convoker (corroded).

Vanquished Creatures
  A tentacled monstrosity (D)
  A lich (D)
  A storm dragon (D)
  2 fenstrider witches (D)
  4 frost giants (D)
  A vault warden (D)
  An orc warlord (D)
  2 ironbound preservers (D)
  3 very ugly things (D)
  4 stone giants (D)
  A broodmother (D)
  An ironbound thunderhulk (D)
  A bunyip (D)
  Azrael (D)
  A dire elephant (D)
  A spark wasp (D)
  A merfolk impaler (D)
  2 ettins (D)
  A fire dragon (D)
  A rakshasa (D)
  A peacekeeper (D)
  2 ice dragons (D)
  2 hydras (D)
  A spriggan air mage (D)
  Erica (D)
  A centaur warrior (D)
  A two-headed ogre (D)
  2 anacondas (D)
  2 boulder beetles (D)
  An orc high priest (D)
  A deep troll earth mage (D)
  A naga sharpshooter (D)
  A spriggan berserker (D)
  Nergalle (D)
  2 salamander mystics (D)
  A mana viper (D)
  A bog body (D)
  A flayed ghost (D)
  An orb spider (D)
  A swamp dragon (D)
  4 orc knights (D)
  A naga ritualist (D)
  A steelbarb worm (D)
  A wolf spider (D)
  4 cyclopes (D)
  A manticore (D)
  An ugly thing (D)
  7 orc sorcerers (D)
  7 elephants (D)
  2 black mambas (D)
  2 merfolk sirens (D)
  A meliai (shapeshifter) (D)
  2 torpor snails (D)
  2 water nymphs (D)
  A vault sentinel (D)
  3 cane toads (D)
  A gargoyle (D)
  3 komodo dragons (D)
  Psyche (D)
  A merfolk (D)
  2 hornets (D)
  A polar bear (D)
  A tarantella (D)
  A wind drake (D)
  2 glass eyes (D)
  A snapping turtle (D)
  A dream sheep (D)
  2 slime creatures (D)
  2 shadows (D)
  2 spriggans (D)
  A yak (D)
  2 wyverns (D)
  2 basilisks (D)
  3 fire elementals (D)
  A redback (D)
  3 hell hounds (D)
  3 water moccasins (D)
  8 orc warriors (D)
  A swamp drake (D)
  4 bullfrogs (D)
  A killer bee (D)
  4 orc priests (D)
  11 orc wizards (D)
  An iguana (D)
  An adder (D)
  5 orcs (D)
  A jackal (D)
  A ball python (D)
  A bat simulacrum (D)
  A frilled lizard (D)
  2 kobolds (D)
  A rat (D)
175 creatures vanquished.

Vanquished Creatures (others)
  An occultist (D)
1 creature vanquished.

Grand Total: 176 creatures vanquished

Notes
Turn   | Place    | Note
-------+----------+-------------------------------------------
     0 | D        | wilfster70 the Minotaur Fighter began the quest for the
                  | Orb.
     0 | D        | Reached XP level 1. HP: 19/19 MP: 0/0
    10 | D        | Reached skill level 1 in Dodging
    19 | D        | Noticed an iguana
    19 | D        | Noticed a water moccasin
    30 | D        | Killed a water moccasin
    31 | D        | Reached skill level 5 in Armour
    31 | D        | Reached skill level 5 in Shields
    31 | D        | Reached XP level 2. HP: 31/31 MP: 1/1
    31 | D        | Reached XP level 3. HP: 38/38 MP: 2/2
    31 | D        | Reached XP level 4. HP: 45/45 MP: 3/3
    51 | D        | Reached XP level 5. HP: 36/52 MP: 4/4
   108 | D        | Found a roughly hewn altar of Beogh.
   108 | D        | Found a snail-covered altar of Cheibriados.
   108 | D        | Found a shadowy altar of Dithmenos.
   108 | D        | Found a white marble altar of Elyvilon.
   108 | D        | Found a blossoming altar of Fedhas.
   108 | D        | Found an opulent altar of Gozag.
   109 | D        | Found a hazy altar of Hepliaklqana.
   110 | D        | Found a viscous altar of Jiyva.
   111 | D        | Found an ancient bone altar of Kikubaaqudgha.
   112 | D        | Found a corrupted altar of Lugonu.
   113 | D        | Found a burning altar of Makhleb.
   114 | D        | Found a sparkling altar of Nemelex Xobeh.
   115 | D        | Found an iron altar of Okawaru.
   116 | D        | Became a worshipper of Gozag Ym Sagoz the Greedy
   117 | D        | Found a stormy altar of Qazlal.
   118 | D        | Found a sacrificial altar of Ru.
   119 | D        | Found a shimmering blue altar of Sif Muna.
   120 | D        | Found a bloodstained altar of Trog.
   121 | D        | Found a hide-covered altar of Uskayaw.
   122 | D        | Found a radiant altar of Vehumet.
   123 | D        | Found an ornate altar of the Wu Jian Council.
   124 | D        | Found a shimmering altar of Xom.
   125 | D        | Found a basalt altar of Yredelemnul.
   126 | D        | Found a glowing silver altar of Zin.
   127 | D        | Found a glowing golden altar of the Shining One.
   182 | D        | Noticed a shadow
   182 | D        | Noticed a wyvern
   182 | D        | Noticed a yak
   182 | D        | Noticed a shadow
   188 | D        | Killed a shadow
   189 | D        | Reached skill level 5 in Dodging
   189 | D        | Reached XP level 6. HP: 59/63 MP: 5/5
   191 | D        | Killed a yak
   192 | D        | Reached skill level 10 in Fighting
   194 | D        | Reached XP level 7. HP: 57/72 MP: 6/6
   195 | D        | Killed a wyvern
   196 | D        | Reached skill level 10 in Axes
   196 | D        | Killed a shadow
   204 | D        | Noticed a purple ugly thing
   204 | D        | Noticed a cyclops
   204 | D        | Noticed a cyclops
   204 | D        | Noticed a queen bee
   204 | D        | Noticed a two-headed ogre
   204 | D        | Noticed a gargoyle
   206 | D        | Killed a gargoyle
   206 | D        | a queen bee changed into a meliai
   206 | D        | Noticed a meliai (shapeshifter)
   207 | D        | Reached XP level 8. HP: 41/83 MP: 7/7
   208 | D        | Killed a two-headed ogre
   209 | D        | Reached skill level 10 in Armour
   212 | D        | Killed a meliai
   213 | D        | Reached XP level 9. HP: 30/94 MP: 8/8
   217 | D        | Killed a cyclops
   222 | D        | Killed a purple ugly thing
   226 | D        | Killed a cyclops
   227 | D        | Reached skill level 15 in Fighting
   520 | D        | Noticed a komodo dragon
   521 | D        | Reached skill level 15 in Axes
   533 | D        | Reached skill level 1 in Evocations
   537 | D        | Killed a komodo dragon
   558 | D        | Reached XP level 10. HP: 94/107 MP: 9/9
   616 | D        | Bought a +2 pair of boots of flying for 301 gold pieces
   637 | D        | Noticed a cane toad
   637 | D        | Noticed a cane toad
   637 | D        | Noticed a four-headed hydra
   644 | D        | Killed a one-headed hydra
   645 | D        | Noticed a cane toad
   654 | D        | Killed a cane toad
   655 | D        | Reached skill level 5 in Evocations
   656 | D        | Killed a cane toad
   663 | D        | Killed a cane toad
   901 | D        | Noticed an elephant
   901 | D        | Noticed an elephant
   901 | D        | Noticed an elephant
   901 | D        | Noticed a dire elephant
   901 | D        | Noticed an elephant
   901 | D        | Noticed an elephant
   903 | D        | Killed an elephant
   903 | D        | Noticed an elephant
   910 | D        | Killed a dire elephant
  1109 | D        | Killed an elephant
  1110 | D        | Reached XP level 11. HP: 121/124 MP: 10/10
  1142 | D        | Reached skill level 5 in Long Blades
  1161 | D        | Bought the ring "Plog" {rC+ rN+ Dex+6} for 921 gold pieces
  1336 | D        | Noticed an orc knight
  1344 | D        | Killed an orc knight
  1460 | D        | Noticed an orc knight
  1460 | D        | Noticed an orc high priest
  1460 | D        | Noticed an orc knight
  1460 | D        | Noticed an orc knight
  1505 | D        | Killed an orc knight
  1506 | D        | Reached skill level 10 in Evocations
  1512 | D        | Noticed a soul eater
  1518 | D        | Killed an orc knight
  1656 | D        | Killed an orc knight
  1911 | D        | Killed an orc high priest
  1912 | D        | Reached skill level 10 in Long Blades
  2101 | D        | Found Giujatu's Armour Boutique.
  2101 | D        | Noticed an orc sorcerer
  2101 | D        | Noticed an orc sorcerer
  2213 | D        | Killed an orc sorcerer
  2323 | D        | Killed an orc sorcerer
  2414 | D        | Noticed an orc sorcerer
  2416 | D        | Noticed a sun demon
  2421 | D        | Killed an orc sorcerer
  2440 | D        | Found Kush's Book Shop.
  2444 | D        | Found Edilaedd's Weapon Boutique.
  2446 | D        | Noticed an orc sorcerer
  2447 | D        | Found Suqehaamo's Armour Shop.
  2448 | D        | Noticed an orc sorcerer
  2451 | D        | Killed an orc sorcerer
  2451 | D        | Noticed an orc sorcerer
  2452 | D        | Noticed an orc sorcerer
  2460 | D        | Noticed a soul eater
  2460 | D        | Killed an orc sorcerer
  2472 | D        | Killed an orc sorcerer
  2473 | D        | Reached XP level 12. HP: 108/136 MP: 8/11
  2498 | D        | Bought a +0 kite shield for 45 gold pieces
  2498 | D        | Bought a +1 pair of gloves of strength for 165 gold pieces
  2523 | D        | Bought the amulet "Sarudig" {Reflect rPois Slay+3 SH+5
                  | SInv} for 870 gold pieces
  2599 | D        | Noticed Psyche
  2602 | D        | Killed Psyche
  2628 | D        | Noticed Erica
  2633 | D        | Killed Erica
  2740 | D        | Noticed an eight-headed hydra
  2740 | D        | Noticed a boulder beetle
  2741 | D        | Noticed a boulder beetle
  2744 | D        | Noticed a purple very ugly thing
  2746 | D        | Killed a boulder beetle
  2749 | D        | Reached skill level 15 in Armour
  2750 | D        | Noticed a centaur warrior
  2753 | D        | Killed a boulder beetle
  2757 | D        | Killed a purple very ugly thing
  2758 | D        | Killed a ten-headed hydra
  2760 | D        | Noticed an ice dragon
  2762 | D        | Noticed an ettin
  2763 | D        | Noticed a stone giant
  2766 | D        | Noticed a lich
  2772 | D        | Killed a centaur warrior
  2773 | D        | Noticed an ettin
  2777 | D        | Killed a lich
  2780 | D        | Killed an ice dragon
  2785 | D        | Killed a stone giant
  2791 | D        | Killed an ettin
  2794 | D        | Killed an ettin
  2981 | D        | Bought a runed plate armour for 728 gold pieces
  2981 | D        | Bought a shiny plate armour for 728 gold pieces
  3091 | D        | Noticed a spark wasp
  3097 | D        | Killed a spark wasp
  3100 | D        | Reached XP level 13. HP: 152/152 MP: 12/12
  3118 | D        | Noticed a broodmother
  3126 | D        | Killed a broodmother
  3472 | D        | Noticed a fenstrider witch
  3472 | D        | Noticed a bunyip
  3472 | D        | Noticed a fenstrider witch
  3479 | D        | Killed a fenstrider witch
  3485 | D        | Noticed a tentacled monstrosity
  3486 | D        | Killed a bunyip
  3489 | D        | Killed a fenstrider witch
  3495 | D        | Reached skill level 27 in Fighting
  3499 | D        | Killed a tentacled monstrosity
  3540 | D        | Bought a scroll of blinking for 97 gold pieces
  3556 | D        | Noticed a merfolk impaler
  3573 | D        | Killed a merfolk impaler
  3866 | D        | Noticed Nergalle
  3871 | D        | Killed Nergalle
  3887 | D        | Noticed Azrael
  3889 | D        | Reached skill level 10 in Dodging
  3898 | D        | Killed Azrael
  4059 | D        | Bought a pair of glowing gloves for 247 gold pieces
  4059 | D        | Bought a pair of spiked boots for 313 gold pieces
  4059 | D        | Identified the +0 pair of boots of Hairiness {Rampage
                  | Regen+ Stlth+} (You bought it in a shop in the Dungeon)
  4059 | D        | Bought a pair of embroidered boots for 247 gold pieces
  4124 | D        | Noticed a fire dragon
  4124 | D        | Noticed a stone giant
  4124 | D        | Noticed a stone giant
  4124 | D        | Noticed a frost giant
  4124 | D        | Noticed a stone giant
  4126 | D        | Killed a stone giant
  4129 | D        | Noticed a frost giant
  4131 | D        | Killed a frost giant
  4132 | D        | Reached XP level 14. HP: 154/168 MP: 13/13
  4136 | D        | Killed a stone giant
  4137 | D        | Reached skill level 10 in Shields
  4137 | D        | Noticed a storm dragon
  4140 | D        | Killed a stone giant
  4151 | D        | Killed a frost giant
  4158 | D        | Killed a storm dragon
  4161 | D        | Noticed a frost giant
  4387 | D        | Noticed a frost giant
  4393 | D        | Killed a frost giant
  4398 | D        | Killed a frost giant
  4471 | D        | Noticed a green very ugly thing
  4472 | D        | Noticed a red very ugly thing
  4477 | D        | Killed a red very ugly thing
  4483 | D        | Killed a red very ugly thing
  4491 | D        | Bought a smoky sapphire potion for 30 gold pieces
  4491 | D        | Bought a sharpened ivory wand for 136 gold pieces
  4496 | D        | Noticed an ironbound thunderhulk
  4496 | D        | Noticed an ironbound preserver
  4497 | D        | Noticed an orc warlord
  4506 | D        | Noticed a vault warden
  4515 | D        | Killed an ironbound preserver
  4521 | D        | Killed an ironbound thunderhulk
  4524 | D        | Noticed an ironbound preserver
  4538 | D        | Killed an orc warlord
  4542 | D        | Killed a vault warden
  4548 | D        | Noticed an ironbound thunderhulk
  4554 | D        | Killed an ironbound preserver
  4555 | D        | Reached skill level 27 in Armour
  4555 | D        | Reached skill level 15 in Dodging
  4555 | D        | Killed from afar by an ironbound thunderhulk

Illustrated notes

Levels and vault maps discovered:
D:        linesprint [early_d, line_temple, items_1, d_10, items_2, lair_1,
          lair_end, items_3, orc_1, orc_end, items_4, d_15, swamp_1, shoals_1,
          snake_1, spider_1, d_20, vaults_1, items_5, swamp_end, shoals_end,
          snake_end, spider_end, vaults_end, d_27, items_6, zot_1, zot_end,
          crypt_end, forest_end, elf_end, slime_end, tomb_end, abyss_end,
          pan_hell_end]

Skill      XL: |  1  2  3  4  5  6  7  8  9 10 11 12 13 14 |
---------------+-------------------------------------------+-----
Fighting       | 6 7 9 10 12 13 16 20 21 24 27 | 27.0
Axes           | 6 8 9 11 13 15 16 | 16.0
Dodging        | 3 4 5 6 7 8 9 11 15 | 15.1
Armour         | 5 7 9 10 11 13 19 25 27 | 27.0
Shields        | 5 7 8 9 14 | 14.9
Evocations     | 2 7 11 | 11.4
Long Blades    | 10 | 10.0

Action                     |  1- 3 |  4- 6 |  7- 9 | 10-12 | 13-15 || total
---------------------------+-------+-------+-------+-------+-------++-------
  Melee: War axe           |    17 |    28 |    38 |   208 |   231 ||   522
         Headbutt          |     2 |     7 |     8 |    51 |    67 ||   135
         Scimitar          |       |       |       |     6 |       ||     6
 Invoke: Call Merchant     |       |       |       |     4 |     4 ||     8
         Potion Petition   |       |       |       |     2 |     1 ||     3
  Evoke: Wand              |       |       |       |     4 |     1 ||     5
    Use: Potion            |     1 |     2 |     2 |     1 |     1 ||     7
         Scroll            |       |       |     2 |       |     1 ||     3
   Stab: Distracted        |       |       |       |     2 |     2 ||     4
 Armour: Scale mail        |    10 |    15 |       |       |       ||    25
         Chain mail        |       |     7 |    39 |   134 |       ||   180
         Plate armour      |       |       |       |     4 |   159 ||   163
  Dodge: Dodged            |     7 |    19 |    11 |    81 |    62 ||   180
  Block: Buckler           |     1 |    10 |     9 |    30 |       ||    50
         Kite shield       |       |       |       |    37 |   169 ||   206
         Reflection        |       |       |       |     3 |     4 ||     7

Table legend: (Time is in decaauts)
 A = Elapsed time spent in this place.
 B = Non-inter-level travel time spent in this place.
 C = Inter-level travel time spent in this place.
 D = Time resting spent in this place.
 E = Time spent auto-exploring this place.
 F = Levels seen in this place.
 G = Mean time per level.
                   A        B        C        D        E       F      G
               +--------+--------+--------+--------+--------+-----+--------+
         Total |   4633 |   4633 |      0 |   1985 |    632 |   1 | 4633.0 |
       Dungeon |   4633 |   4633 |      0 |   1985 |    632 |   1 | 4633.0 |
               +--------+--------+--------+--------+--------+-----+--------+

Top non-repeatable levels by time:
       D: 4633 daAuts
